 Dungeon Crawl Stone Soup version 0.24-a0-630-g0d56a851f4 (webtiles) character file.

Game seed: 1656533320511838274, levelgen mode: deterministic

146 Masnef the Grasshopper (level 5, -6/38 HPs)
             Began as a Human Warper on Sept 20, 2019.
             Mangled by a wyvern zombie (8 damage)
             ... on level 3 of the Dungeon.
             The game lasted 00:23:20 (3998 turns).

Masnef the Grasshopper (Human Warper)               Turns: 3998, Time: 00:23:21

Health: -6/38      AC:  3    Str: 13    XL:     5   Next: 53%
Magic:  4/8        EV: 12    Int: 13    God:
Gold:   137        SH:  0    Dex: 12    Spells: 1/8 levels left

rFire    . . .     SeeInvis .   c - +0 dagger (holy)
rCold    . . .     Gourm    .   (no shield)
rNeg     . . .     Faith    .   b - +0 leather armour
rPois    .         Spirit   .   (no helmet)
rElec    .         Reflect  .   (no cloak)
rCorr    .         Harm     .   (no gloves)
MR       +....                  (no boots)
Stlth    +.........             (no amulet)
HPRegen  0.12/turn              q - ring of protection from magic
MPRegen  0.11/turn              (no ring)

@: flying, very slightly contaminated
A: no striking features
a: no special abilities


You were on level 3 of the Dungeon.
You were not hungry.

You visited 1 branch of the dungeon, and saw 3 of its levels.

You collected 137 gold pieces.

Inventory:

Hand Weapons
 a - a +0 mace
 c - a +0 dagger of holy wrath (weapon)
 h - a +0 whip
 x - a +2 dagger of venom
Missiles
 g - 65 stones (quivered)
 w - 3 poisoned darts
 y - 4 boomerangs
Armour
 b - a +0 leather armour (worn)
Jewellery
 q - a ring of protection from magic (left hand)
Scrolls
 l - a scroll of amnesia
 m - a scroll of identify
 n - 2 scrolls of immolation
 p - a scroll of remove curse {unknown}
 r - a scroll of teleportation {unknown}
 s - a scroll of fear {unknown}
 v - a scroll of enchant weapon {unknown}
Potions
 j - 3 potions of brilliance
 o - a potion of curing {unknown}
Comestibles
 f - a ration
 z - 2 chunks of flesh


   Skills:
 - Level 2.0 Fighting
 * Level 0.2 Short Blades
 - Level 3.4 Maces & Flails
 - Level 1.2 Throwing
 - Level 1.2 Armour
 + Level 3.1 Dodging
 + Level 1.1 Stealth
 - Level 2.0 Spellcasting
 * Level 3.8 Translocations


You had one spell level left.
You knew the following spells:

 Your Spells              Type           Power        Failure   Level  Hunger
a - Blink                 Tloc           N/A          10%         2    ###....
b - Shroud of Golubria    Chrm/Tloc      #.....       22%         2    ###....
c - Teleport Other        Tloc           ##......     21%         3    ####...

Your spell library contained the following spells:

 Spells                   Type           Power        Failure   Level  Hunger
 Gell's Gravitas          Tloc           ##........   21%         3    ####...
 Lesser Beckoning         Tloc           ##........   21%         3    ####...
 Passage of Golubria      Tloc           N/A          54%         4    #####..


Dungeon Overview and Level Annotations

Branches:
Dungeon (3/15)

Altars:

Annotations:
D:3 3 runed translucent doors, vurker's ghost, weakling FeSu


Message History

You see here a +0 hand axe.
Okay, then.
Okay, then.
Throwing (i - inventory. (/) - cycle)
e - a boomerang of dispersal (quivered)
Press: ? - help, Shift-Dir - straight line, f - wyvern zombie
Aim: a wyvern zombie (heavily damaged)
Okay, then.
Quiver which item? (- for none, * to show all) (? for menu, Esc to quit)
Okay, then.
Throwing (i - inventory. (/) - cycle)
e - a boomerang of dispersal (quivered)
Press: ? - help, Shift-Dir - straight line, f - wyvern zombie
Aim: a wyvern zombie (heavily damaged)
You throw a boomerang of dispersal.
The boomerang of dispersal barely misses the wyvern zombie.
It was a potion of flight.
You feel very buoyant.
You fly up into the air.
The wyvern zombie bites you.
* * * LOW HITPOINT WARNING * * *
The wyvern zombie bites you!
You die...

......§§#####.####.#.#
#.. #§§§§§.....§...#
##..###§§####.######.#
#...÷.§§§§§§..# #.#
#.#.#.##§§§.§.## #.#
.......#)###.#######.#
#.#.#.#.#)#
#.#.......#
##...##.#Z#
#.#[#####.# ##.#
#.#@###.#.# #.# #
#.#.....#.# #.#
#.#.#####)#####)#
#.#.........<...#
#...#####.#######
#.#.# #.# #...#
#.########
##..#####.........
#.........######.


You could see a wyvern zombie.

Vanquished Creatures
  An orc wizard (D:3)
  Jessica (D:2)
  An adder (D:1)
  An ooze (D:1)
  3 dart slugs
  A leopard gecko (D:1)
  4 orcs
  A ball python (D:2)
  8 bats
  3 giant cockroaches (D:2)
  10 goblins
  11 hobgoblins
  A jackal (D:2)
  3 quokkas
  A frilled lizard (D:1)
  9 kobolds
  2 rats
61 creatures vanquished.

Notes
Turn   | Place    | Note
-------+----------+-------------------------------------------
     0 | D:1      | Masnef the Human Warper began the quest for the Orb.
     0 | D:1      | Reached XP level 1. HP: 16/16 MP: 3/3
   318 | D:1      | Reached XP level 2. HP: 8/22 MP: 5/5
   322 | D:1      | Learned a level 2 spell: Blink
   325 | D:1      | Learned a level 2 spell: Shroud of Golubria
   758 | D:1      | Reached XP level 3. HP: 19/27 MP: 6/6
  1992 | D:2      | Reached XP level 4. HP: 33/33 MP: 7/7
  2342 | D:3      | Noticed Jessica
  3128 | D:2      | Learned a level 3 spell: Teleport Other
  3182 | D:2      | Killed Jessica
  3182 | D:2      | Reached XP level 5. HP: 28/38 MP: 8/8
  3330 | D:2      | Reached skill level 1 in Stealth
  3957 | D:3      | Identified the +6 hunting sling "Votomn" {velocity, rC++
                  | Str-5 Dex+4}
  3958 | D:3      | Noticed vurker's ghost (weakling FeSu)
  3960 | D:3      | Found a runed translucent gate.
  3960 | D:3      | Found a runed translucent gate.
  3960 | D:3      | Found a runed translucent gate.
  3998 | D:3      | Mangled by a wyvern zombie

Levels and vault maps discovered:
D:1:      eino_arrival_cavern_c, layout_rooms
D:2:      layout_basic, minmay_diced_spiral
D:3:      layout_loops_ring, biasface_ghost_orc_armoury,
          chequers_serial_rivers_micro_b, uniq_sigmund, uniq_jessica,
          uniq_grinder

Skill      XL: |  1  2  3  4  5 |
---------------+----------------+-----
Maces & Flails | 3 |  3.4
Dodging        | 3 |  3.1
Stealth        | 1 |  1.1
Fighting       | |  2.0
Short Blades   | |  0.2
Throwing       | |  1.2
Armour         | |  1.2
Spellcasting   | |  2.0
Translocations | |  3.8

Action                   |  1- 3 |  4- 6 || total
-------------------------+-------+-------++-------
Melee: Mace              |   124 |    64 ||   188
       Whip              |    13 |    48 ||    61
       Dagger            |     1 |    24 ||    25
Throw: Boomerang         |     4 |     1 ||     5
       Stone             |    14 |    35 ||    49
       Dart              |       |     3 ||     3
       Throwing net      |       |     2 ||     2
 Cast: Blink             |       |     2 ||     2
       Shroud of Golubri |       |     3 ||     3
  Use: Scroll            |     2 |     5 ||     7
       Potion            |       |     3 ||     3
  Eat: Chunk             |     3 |     4 ||     7
       Ration            |       |     1 ||     1
Armor: Leather armour    |    32 |    26 ||    58
       Skin              |       |    12 ||    12
Dodge: Dodged            |    88 |    91 ||   179

Table legend:
 A = Non-vault XP
 B = Vault XP
 C = Vault XP percentage of total XP
 D = Non-vault monster count
 E = Vault monster count
 F = Vault count percentage of total count
                 A         B        C        D         E       F
            +---------+---------+-------+---------+---------+-------
      Total |     166 |      43 |  20.6 |      57 |       4 |   6.6
            +---------+---------+-------+---------+---------+-------
        D:1 |      78 |       0 |   0.0 |      34 |       0 |   0.0
        D:2 |      27 |      43 |  61.4 |      13 |       4 |  23.5
        D:3 |      61 |       0 |   0.0 |      10 |       0 |   0.0
            +---------+---------+-------+---------+---------+-------
